Map: Blackpink LE

Players

Losira - Winner!

  • Race: Zerg Zerg
  • Spawn Location: 1:00

Gerald

  • Race: Protoss Protoss
  • Spawn Location: 7:00

Event: IEM Season 12 - Katowice

VOD

Have the link to the VOD?

Description

Time

  • Played on: Feb. 27, 2018, 10:34 a.m.
  • Length: 10:17

All games in this series

Show
View Real Time Build Order
Export as new Build Order

Losira Zerg - Winner!

Build Orders: Hatch First 

Get SALT Encoding   

  12  0:02  Drone  
  13  0:13  Overlord  
  13  0:17  Drone  
  14  0:31  Drone  
  14  0:32  Drone  
  14  0:35  Drone  
  17  0:51  Hatchery  
  17  0:54  Drone  
  17  0:58  Drone  
  18  1:06  Extractor  
  17  1:13  Spawning Pool  
  17  1:16  Drone  
  17  1:20  Drone  
  18  1:28  Drone  
  19  1:40  Overlord  
  19  2:00  Queen  
  22  2:01  Zergling x4  
  22  2:03  Queen  
  22  2:04  Zergling x2  
  22  2:08  Metabolic Boost  
  26  2:12  Drone  
  26  2:14  Zergling x2  
  28  2:25  Evolution Chamber, Drone  
  28  2:27  Drone  
  29  2:33  Drone  
  30  2:37  Drone  
  31  2:44  Drone  
  31  2:47  Drone  
  33  2:54  Overlord  
  33  2:57  Overlord  
  33  3:06  Zergling x2  
  33  3:08  Zergling x2  
  33  3:09  Zergling x2  
  33  3:12  Zergling x2  
  37  3:13  Zergling x8  
  37  3:17  Zergling x2  
  42  3:22  Zergling x2  
  43  3:30  Drone  
  43  3:36  Drone  
  43  3:40  Drone x2  
  43  3:41  Drone  
  46  3:42  Drone  
  46  3:44  Drone x2  
  46  3:45  Drone  
  50  3:49  Hatchery  
  50  3:51  Overlord  
  50  3:53  Drone  
  50  3:57  Drone  
  50  4:05  Overlord  
  50  4:09  Drone  
  49  4:12  Drone  
  49  4:13  Queen  
  49  4:15  Drone  
  49  4:16  Drone x2  
  53  4:19  Overlord  
  53  4:25  Drone  
  53  4:26  Drone  
  53  4:29  Drone  
  53  4:30  Drone x2  
  56  4:38  Spore Crawler  
  56  4:43  Drone  
  56  4:45  Spore Crawler, Drone  
  56  4:46  Lair  
  56  4:49  Drone  
  57  4:53  Drone x6  
  57  4:58  Extractor  
  60  5:00  Extractor  
  60  5:01  Queen  
  60  5:02  Drone x2  
  60  5:04  Overlord  
  63  5:12  Overlord  
  63  5:14  Drone  
  64  5:15  Spore Crawler  
  64  5:16  Extractor  
  64  5:17  Drone  
  64  5:19  Extractor  
  62  5:22  Drone  
  62  5:23  Drone x6  
  68  5:30  Drone x2  
  68  5:34  Spore Crawler  
  65  5:36  Drone  
  65  5:39  Overlord  
  66  5:44  Hydralisk Den  
  66  5:47  Drone x2  
  66  5:49  Overlord  
  67  5:53  Overlord  
  67  5:57  Zerg Missile Weapons Level 1  
  67  6:13  Hydralisk, Grooved Spines  
  67  6:14  Hydralisk x3  
  67  6:16  Overlord  
  67  6:17  Drone x2  
  67  6:18  Drone x2  
  78  6:19  Extractor  
  78  6:20  Hydralisk  
  78  6:22  Hydralisk  
  78  6:25  Drone x3  
  84  6:30  Hydralisk  
  84  6:31  Hydralisk  
  88  6:33  Drone  
  88  6:34  Drone x6  
  95  6:40  Overseer  
  95  6:46  Hydralisk x3  
  101  6:48  Hydralisk  
  101  6:50  Hydralisk  
  101  6:53  Queen  
  105  6:57  Hydralisk  
  101  7:02  Drone x2, Hydralisk x2  
  101  7:07  Hydralisk  
  102  7:11  Hydralisk  
  102  7:16  Overlord, Hydralisk  
  102  7:21  Hydralisk  
  106  7:23  Drone x2  
  106  7:24  Drone x2  
  106  7:25  Drone, Muscular Augments  
  106  7:27  Hydralisk  
  113  7:34  Spore Crawler, Drone  
  113  7:39  Hatchery  
  113  7:42  Hydralisk  
  114  7:44  Hydralisk  
  114  7:45  Hydralisk  
  114  7:48  Hydralisk  
  120  7:52  Overlord  
  120  7:53  Overlord  
  120  7:56  Zerg Missile Weapons Level 2  
  120  8:01  Overlord  
  120  8:12  Hydralisk  
  120  8:13  Hydralisk x5  
  120  8:17  Zergling x8  
  132  8:20  Hydralisk  
  132  8:23  Hydralisk  
  120  8:28  Hydralisk  
  120  8:29  Hydralisk  
  112  8:37  Hydralisk x2  
  112  8:40  Hydralisk  
  112  8:41  Hydralisk  
  110  8:44  Hydralisk  
  110  8:48  Hydralisk  
  110  8:50  Hydralisk  
  110  8:52  Hydralisk  
  110  8:55  Hydralisk  
  110  8:58  Hydralisk  
  110  9:00  Hydralisk  
  110  9:02  Hydralisk  
  108  9:06  Hydralisk  
  108  9:09  Hydralisk  
  104  9:12  Hydralisk  
  104  9:15  Hydralisk  
  106  9:17  Hydralisk  
  106  9:20  Hydralisk  
  106  9:22  Hydralisk  
  108  9:25  Hydralisk  
  108  9:28  Hydralisk  
  112  9:32  Hydralisk  
  112  9:33  Hydralisk  
  112  9:36  Hydralisk  
  118  9:39  Hydralisk  
  118  9:41  Zergling x2  
  118  9:43  Hydralisk  
  123  9:46  Zergling x2  
  123  9:47  Zergling x2  
  123  9:48  Zergling x2  
  123  9:50  Hydralisk  
  128  9:53  Hydralisk  
Show
View Real Time Build Order
Export as new Build Order

Gerald Protoss 

Build Orders: 1 Gate Expand, Oracle Opening, Phoenix Opening 

Get SALT Encoding   

  12  0:00  Probe  
  13  0:12  Probe  
  14  0:20  Pylon  
  14  0:25  Probe  
  15  0:28  Assimilator  
  15  0:38  Probe (Chrono Boost)  
  16  0:45  Gateway  
  16  0:48  Probe (Chrono Boost)  
  17  0:54  Probe  
  18  1:06  Probe  
  19  1:18  Probe  
  20  1:26  Nexus  
  20  1:30  Probe  
  21  1:37  Cybernetics Core  
  21  1:42  Probe  
  22  1:49  Assimilator  
  22  1:53  Pylon  
  22  1:55  Probe  
  23  2:11  Probe  
  23  2:13  Adept (Chrono Boost)  
  26  2:21  Stargate  
  26  2:23  Probe  
  27  2:32  Adept (Chrono Boost)  
  27  2:35  Probe  
  30  2:39  Probe  
  31  2:47  Probe  
  32  2:55  Pylon  
  33  2:59  Adept, Probe  
  33  3:01  Probe  
  33  3:05  Oracle (Chrono Boost)  
  36  3:11  Probe  
  40  3:13  Probe  
  41  3:20  Shield Battery  
  41  3:23  Probe  
  41  3:25  Probe  
  43  3:28  Adept (Chrono Boost)  
  43  3:31  Pylon  
  43  3:38  Pylon  
  43  3:40  Phoenix (Chrono Boost)  
  42  3:45  Probe  
  45  3:55  Gateway  
  45  3:57  Pylon  
  45  4:01  Probe  
  46  4:05  Cybernetics Core  
  46  4:09  Pylon  
  46  4:13  Oracle (Chrono Boost)  
  46  4:16  Probe  
  50  4:22  Probe  
  49  4:28  Probe  
  46  4:34  Probe  
  46  4:41  Probe  
  46  4:50  Probe  
  46  4:51  Warp Gate  
  47  4:57  Oracle (Chrono Boost)  
  47  5:01  Probe  
  47  5:02  Probe  
  52  5:13  Probe  
  53  5:15  Probe  
  53  5:19  Assimilator  
  53  5:20  Assimilator  
  54  5:22  Gateway  
  54  5:23  Pylon  
  54  5:24  Gateway  
  54  5:25  Probe  
  54  5:27  Probe  
  56  5:40  Probe  
  56  5:41  Probe  
  58  5:46  Oracle  
  61  5:50  Stargate  
  61  5:52  Probe  
  61  5:54  Gateway  
  61  5:55  Probe  
  63  6:00  Pylon  
  63  6:04  Probe  
  63  6:06  Gateway  
  64  6:13  Probe  
  64  6:18  Probe  
  66  6:22  Pylon  
  66  6:23  Oracle  
  66  6:24  Twilight Council  
  69  6:30  Probe  
  69  6:31  Probe  
  71  6:34  Oracle  
  74  6:43  Nexus  
  74  6:45  Probe  
  75  6:57  Probe  
  75  7:00  Oracle  
  76  7:08  Probe, Resonating Glaives (Chrono Boost)  
  76  7:10  Probe  
  76  7:14  Oracle  
  78  7:21  Probe  
  78  7:22  Probe, Pylon  
  77  7:28  Gateway  
  77  7:29  Shield Battery  
  78  7:30  Pylon  
  78  7:33  Probe  
  78  7:34  Adept x2  
  78  7:35  Adept  
  85  7:37  Probe  
  85  7:40  Pylon, Oracle  
  89  7:45  Probe, Adept  
  89  7:50  Probe  
  93  7:52  Oracle  
  93  7:57  Probe  
  97  8:02  Probe  
  97  8:03  Adept x3  
  97  8:05  Probe  
  105  8:09  Probe  
  105  8:11  Adept x2  
  92  8:26  Adept x2  
  92  8:27  Adept  
  78  8:33  Adept x2  
  74  8:35  Probe  
  74  8:37  Probe  
  74  8:40  Probe  
  69  8:47  Probe, Adept  
  69  8:48  Adept x2  
  76  8:50  Probe  
  76  8:53  Adept  
  76  8:54  Adept x2  
  68  9:05  Adept x3  
  68  9:06  Oracle  
  68  9:07  Probe  
  68  9:08  Probe  
  67  9:18  Adept x3, Probe  
  67  9:23  Oracle  
  74  9:26  Adept  
  74  9:31  Assimilator  
  74  9:32  Adept x2  
  74  9:33  Assimilator  
  74  9:34  Probe  
  77  9:42  Adept x3  
  83  9:47  Adept  
  83  9:50  Robotics Facility  
  85  9:57  Adept x2  
  80  10:03  Adept x3  
  68  10:07  Adept  

Tags
 
Add a new tag
Caveats
  • Supply blocks, unpowered buildings, or Contaminate may cause inaccurate times.
  • Supply counts are checked every 10 seconds.